 Dungeon Crawl Stone Soup version 0.30.1-11-g7821555f0a (webtiles) character file.

Game seed: 13163648010770553466

812 Fortress the Grave Robber (level 7, -11/48 HPs)
             Began as a Demonspawn Necromancer on Jan 10, 2024.
             Was a Follower of Sif Muna.
             Engulfed by a cloud of freezing vapour (14 damage)
             ... on level 5 of the Dungeon.
             The game lasted 00:22:49 (4255 turns).

Fortress the Grave Robber (Demonspawn Necromancer)  Turns: 4255, Time: 00:22:49

Health: -11/48     AC:  9    Str:  8    XL:     7   Next: 61%
Magic:  5/15       EV: 13    Int: 18    God:    Sif Muna [*.....]
Gold:   250        SH:  0    Dex: 14    Spells: 13/17 levels left

rFire   + . .        k - +1 whip (elec)
rCold   + . .        (no shield)
rNeg    . . .        d - +0 leather armour
rPois   +            (no helmet)
rElec   +            (no cloak)
rCorr   +            m - +0 pair of gloves
SInv    .            w - +0 pair of boots
Will    .....        (no amulet)
Stlth   ++           o - +4 ring of protection
HPRegen 0.28/turn    (no ring)
MPRegen 0.14/turn

%: no passive effects
@: resistant
A: repulsion field 1, powered by death 1, demonic touch 1
a: Renounce Religion, Channel Magic


You were on level 5 of the Dungeon.
You worshipped Sif Muna.
Sif Muna was aware of your devotion.
You visited 2 branches of the dungeon, and saw 6 of its levels.

You collected 250 gold pieces.

Inventory:

Hand Weapons
 e - a +0 dagger
 k - a +1 whip of electrocution (weapon)
 r - a +1 dagger of venom
Missiles
 v - 3 poisoned darts
Armour
 a - a +0 robe
 d - a +0 leather armour (worn)
 m - a +0 pair of gloves (worn)
 s - an orb of mayhem
 w - a +0 pair of boots (worn)
Jewellery
 o - a +4 ring of protection (left hand)
 x - a ring of poison resistance
Wands
 c - a wand of acid (4)
Scrolls
 g - a scroll of identify
 p - a scroll of blinking
Potions
 b - a potion of magic
 f - a potion of curing
 h - a potion of invisibility
 i - a potion of haste
 l - a potion of flight {unknown}
 n - a potion of might {unknown}
 q - 2 potions of mutation {unknown}
 u - 2 potions of brilliance


   Skills:
 + Level 1.4 Fighting
 - Level 0.2 Short Blades
 - Level 2.0 Dodging
 - Level 2.0 Stealth
 + Level 5.7 Spellcasting
 + Level 7.6 Necromancy


You had 13 spell levels left.
You knew the following spells:

 Your Spells              Type           Power      Damage    Failure   Level
a - Necrotise             Necr           100%       1d9       1%          1
b - Vampiric Draining     Necr           32%        2d8       2%          3

Your spell library contained the following spells:

 Spells                   Type           Power      Damage    Failure   Level
 Animate Dead             Necr           32%        N/A       8%          4
 Sting                    Tmut/Pois      20%        1d4       19%         1
 Agony                    Necr           32%        N/A       22%         5
 Poisonous Vapours        Pois/Air       10%        N/A       26%         2
 Olgreb's Toxic Radiance  Pois           5%         N/A       87%         4
 Haunt                    Necr/Summ      9%         N/A       100%        7
 Infestation              Necr           16%        N/A       100%        8


Dungeon Overview and Level Annotations

Branches:
Dungeon (5/15)             Temple (1/1) D:4

Altars:
Ashenzari
Fedhas
Gozag
Kikubaaqudgha
Makhleb
Nemelex Xobeh
Okawaru
Qazlal
Sif Muna
Trog
Uskayaw
Vehumet
Wu Jian
Xom

Annotations:
D:5 1 transporter


Innate Abilities, Weirdness & Mutations

You are surrounded by a mild repulsion field. (EV +2)
You regenerate a little health from kills.
Your touch may inflict minor irresistible damage on your foes.


Message History

Casting: Necrotise (safe; 1% risk of failure)
Confirm with . or Enter, or press ? or * to list all spells.
You don't have enough magic to cast this spell.
Casting: Necrotise (safe; 1% risk of failure)
Confirm with . or Enter, or press ? or * to list all spells.
Aiming: Necrotise (safe; 1% risk of failure)
Press: ? - help, Shift-Dir - straight line, f - ice beast
Aim: an ice beast (freezing vapour, chance to affect: 83%)
The ice beast writhes in agony.
The ice beast hits you but does no damage.
You closely miss the ice beast.
The ice beast is lightly wounded.
The ice beast hits you but does no damage.
You hit the ice beast.
The ice beast is moderately wounded.
The ice beast hits you but does no damage.
You hit the ice beast but do no damage.
Lightning courses through the ice beast!
The ice beast is severely wounded.
The ice beast hits you but does no damage.
You hit the ice beast but do no damage.
Lightning courses through the ice beast!
You kill the ice beast!
Sif Muna accepts your kill.
You start to feel less resistant.
Your transformation is almost over.
Your resistance to elements expires.
You feel less wooden.
Your +0 pair of gloves unmelds from your body.
Your +0 pair of boots unmelds from your body.
Your +0 leather armour unmelds from your body.
You hear the rapid rusting of a drain very nearby.
You hear the quick hiss of a distant avalanche of sand.
Really walk into a travel-excluded area?
You are engulfed in freezing vapours.
* * * LOW HITPOINT WARNING * * *
There is an open gate here.
You feel protected.
You are engulfed in freezing vapours.
You resist.
You die...

..#...........).# #.......
.##.............##########.......
..............))........##.†.....
................#######..........
.################○°☼○☼###....####
.....### #°☼○°☼○#○○○☼☼###.##.# #
####...###.°°☼○○#°☼.○☼###.##.# #
###...#○○#.#.○☼○.$?#...##.#
#..©#○☼©...@○☼.$©#©..##.#
#...#○○#.#.○.○.$[#...##.##.#
#...#.°.☼☼☼#°°○○☼###.......#
#.###.○○☼○°#.○☼○°#####.##### #..
########☼○○○○###........ ..#
#######.....###. ...# #.........
....# #.....#### #.........


There were no monsters in sight!

Vanquished Creatures
  4 ice beasts (D:5)
  A scorpion (D:5)
  2 howler monkeys (D:5)
  2 jellies (D:5)
  3 iguanas
  6 adders
  A white imp (D:5)
  An ufetubus (D:5)
  3 worms
  A dart slug (D:3)
  12 orcs
  6 ball pythons
  9 bats
  4 endoplasms
  2 giant cockroaches
  10 goblins
  2 hobgoblins
  3 jackals (D:2)
  6 kobolds
  3 quokkas
  8 frilled lizards
  13 rats
102 creatures vanquished.

Vanquished Creatures (collateral kills)
  A hobgoblin (D:1)
1 creature vanquished.

Grand Total: 103 creatures vanquished

Notes
Turn   | Place    | Note
-------+----------+-------------------------------------------
     0 | D:1      | Fortress the Demonspawn Necromancer began the quest for the
                  | Orb.
     0 | D:1      | Reached XP level 1. HP: 13/13 MP: 3/3
   231 | D:1      | Gained mutation: You regenerate a little health from kills.
                  | [demonic ancestry]
   231 | D:1      | Reached XP level 2. HP: 14/20 MP: 0/5
   301 | D:1      | Found a faded altar of an unknown god.
   827 | D:2      | Reached skill level 5 in Necromancy
   930 | D:2      | Found a hide-covered altar of Uskayaw.
   966 | D:2      | Gained mutation: Your touch may inflict minor irresistible
                  | damage on your foes. [demonic ancestry]
   966 | D:2      | Reached XP level 3. HP: 8/25 MP: 0/6
  1455 | D:2      | Reached XP level 4. HP: 31/31 MP: 2/8
  1788 | D:3      | Reached skill level 1 in Fighting
  1905 | D:3      | Found an ornate altar of the Wu Jian Council.
  2206 | D:3      | Reached XP level 5. HP: 37/37 MP: 9/9
  2295 | D:3      | Found a shimmering blue altar of Sif Muna.
  2301 | D:3      | Became a worshipper of Sif Muna the Loreminder
  2632 | D:4      | Found a staircase to the Ecumenical Temple.
  2668 | Temple   | Entered the Ecumenical Temple
  2966 | D:4      | Learned a level 3 spell: Vampiric Draining
  3797 | D:5      | Entered Level 5 of the Dungeon
  3823 | D:5      | Reached skill level 6 in Necromancy
  3828 | D:5      | Gained mutation: You are surrounded by a mild repulsion
                  | field. (EV +2) [demonic ancestry]
  3828 | D:5      | Reached XP level 6. HP: 43/43 MP: 1/12
  4006 | D:5      | Found a transporter.
  4013 | D:5      | Noticed an ice beast
  4067 | D:5      | Reached * piety under Sif Muna
  4170 | D:5      | Found a transporter.
  4186 | D:5      | Noticed an ice beast
  4186 | D:5      | Noticed an ice beast
  4186 | D:5      | Noticed an ice beast
  4189 | D:5      | Killed an ice beast
  4190 | D:5      | Reached skill level 5 in Spellcasting
  4190 | D:5      | Reached skill level 7 in Necromancy
  4190 | D:5      | Reached XP level 7. HP: 48/48 MP: 3/14
  4254 | D:5      | HP: 2/48 [something (16)]
  4255 | D:5      | Engulfed by a cloud of freezing vapour

Illustrated notes

Levels and vault maps discovered:
D:1:      wander_arrival_lonely_grave, layout_loops_ring,
          ebering_ecumenical_altar_box
D:2:      layout_loops_ring, basic_altar
D:3:      layout_basic, nzn_wu_jian_council_hall, kennysheep_orc_sif_temple
D:4:      layout_cave_pods, minmay_temple_entry_offerings
D:5:      gammafunk_cloud_chamber, layout_basic, portal_sewer_entry_d,
          chequers_ossuary_entry_cave, dk_noncrumbling_3
Temple:   compressed_dpeg_triangle_lava_temple

Skill      XL: |  1  2  3  4  5  6 |
---------------+-------------------+-----
Necromancy     | 5 6 7 |  7.6
Stealth        | 2 |  2.0
Dodging        | 2 |  2.0
Fighting       | 1 |  1.4
Spellcasting   | 3 4 5 |  5.7
Short Blades   | |  0.2

Action                     |  1- 3 |  4- 6 |  7- 9 || total
---------------------------+-------+-------+-------++-------
  Melee: Dagger            |    31 |       |       ||    31
         Whip              |    49 |    86 |    21 ||   156
         Touch             |     5 |    18 |     1 ||    24
         Punch             |       |     1 |     2 ||     3
   Cast: Necrotise         |    32 |    42 |     7 ||    81
         Vampiric Draining |       |     9 |       ||     9
    Use: Scroll            |       |     9 |       ||     9
         Potion            |       |     1 |     4 ||     5
   Stab: Sleeping          |     4 |     6 |       ||    10
 Armour: Leather armour    |    37 |    35 |    11 ||    83
         Skin              |       |       |    27 ||    27
  Dodge: Dodged            |    52 |    52 |    19 ||   123
